 Dungeon Crawl Stone Soup version 0.18.1-6-gd335043 (webtiles) character file.

79 velvetdove the Ducker (level 4, -2/44 HPs)
             Began as a Troll Fighter on May 15, 2016.
             Slain by a goblin (3 damage)
             ... led by Robin
             ... on level 2 of the Dungeon.
             The game lasted 00:14:09 (1416 turns).

velvetdove the Ducker (Troll Fighter)               Turns: 1416, Time: 00:14:10

Health: -2/44      AC:  5    Str: 25    XL:     4   Next: 16%
Magic:  3/3        EV:  8    Int:  4    God:
Gold:   78         SH:  8    Dex:  9    Spells: 0 memorised, 3 levels left

rFire  . . .     SeeInvis .     a - +0 flail
rCold  . . .     Gourm    +     b - +0 robe
rNeg   . . .     Faith    .     c - +0 shield
rPois  .         Spirit   .     (helmet restricted)
rElec  .         Dismiss  .     (no cloak)
rCorr  .         Reflect  .     (gloves unavailable)
SustAt .         Harm     .     (boots unavailable)
MR     .....                    (no amulet)
Stlth  +.........               (no ring)
                                (no ring)

@: lethally poisoned (-2 -> -2), not resistant to hostile enchantments, very
unstealthy
A: unfitting armour, claws 3, fast metabolism 3, gourmand, regeneration 2,
shaggy fur 1, tough skin 2
a: no special abilities


You were on level 2 of the Dungeon.
You were not hungry.

You visited 1 branch of the dungeon, and saw 2 of its levels.

You collected 78 gold pieces.

Inventory:

Hand Weapons
 a - a +0 flail (weapon)
Missiles
 e - 41 stones (quivered)
 i - 8 poisoned needles
 k - 15 bolts
Armour
 b - a +0 robe (worn)
 c - a +0 shield (worn)
Scrolls
 j - a scroll of teleportation {unknown}
Potions
 d - a potion of might
 g - a potion of curing {unknown}
 m - a potion of agility {unknown}
Comestibles
 f - a bread ration
 h - 3 fruits


   Skills:
 + Level 2.7 Fighting
 + Level 2.1 Maces & Flails
 + Level 1.1 Throwing
 + Level 3.4 Dodging
 + Level 2.6 Shields


You had 3 spell levels left.
You didn't know any spells.

Dungeon Overview and Level Annotations

Branches:
Dungeon (2/15)

Altars:


Innate Abilities, Weirdness & Mutations

You are too large for most types of armour.
You have claws for hands.
Your metabolism is lightning-fast.
You like to eat raw meat.
You heal very quickly.
You are covered in fur (AC +1).
You have very tough skin (AC +2).


Message History

The adder is heavily wounded.
The adder bites you.
* * * LOW HITPOINT WARNING * * *
The goblin hits you but does no damage. The adder bites you.
* * * LOW HITPOINT WARNING * * *
You are lethally poisoned!
The adder poisons you!
You thump the adder!
You kill the adder!
You have reached level 4!
* * * LOW HITPOINT WARNING * * *
You feel sick. You block the goblin's attack. The goblin closely misses you.
You sock the goblin!
You kill the goblin!
The goblin closely misses you.
You sock the goblin!
You kill the goblin!
* * * LOW HITPOINT WARNING * * *
You feel sick. The goblin hits you.
You die...

...##............#.#
#...#..#####.###.#.#
#......# #.###.#.#
#.....## #.....>.#
##....# #####.###
#..#.# #.# #....#
#.# ##.### #g# ##'##
#@# ##...## #)#
#.....## #g#
.......## #.#
........# #.#
........+ ..#
........# #.#
.......## #.#
#.....##


You could see 2 goblins.

Vanquished Creatures
  Robin (D:2)
  An adder (D:2)
  2 oozes (D:1)
  A worm (D:2)
  A dart slug (D:2)
  6 bats
  3 giant cockroaches (D:1)
  8 goblins
  8 hobgoblins
  5 jackals (D:1)
  4 giant newts
  3 rats
43 creatures vanquished.

Notes
Turn   | Place    | Note
--------------------------------------------------------------
     0 | D:1      | velvetdove the Troll Fighter began the quest for the Orb.
     0 | D:1      | Reached XP level 1. HP: 22/22 MP: 0/0
   116 | D:1      | Reached XP level 2. HP: 29/29 MP: 1/1
   458 | D:1      | Reached skill level 3 in Dodging
   558 | D:1      | Paralysed by fainting for 8 turns
   585 | D:1      | Paralysed by fainting for 7 turns
   953 | D:1      | Reached XP level 3. HP: 35/36 MP: 2/2
  1000 | D:1      | Reached skill level 1 in Throwing
  1207 | D:2      | Paralysed by fainting for 9 turns
  1220 | D:2      | HP: 1/36 [worm (5)]
  1398 | D:2      | Noticed Robin
  1410 | D:2      | Killed Robin
  1413 | D:2      | HP: 1/36 [adder (5)]
  1414 | D:2      | Reached XP level 4. HP: 1/44 MP: 3/3
  1416 | D:2      | Slain by a goblin

Skill      XL: |  1  2  3 |
---------------+----------+-----
Dodging        | 3 |  3.4
Throwing       | 1 |  1.1
Maces & Flails | 2 |  2.1
Fighting       | |  2.7
Shields        | |  2.6

Action                   |  1- 3 |  4- 6 || total
-------------------------+-------+-------++-------
Melee: Flail             |   163 |     2 ||   165
Throw: Stone             |    52 |       ||    52
  Eat: Chunk             |     3 |       ||     3
       Bread ration      |     1 |       ||     1
       Fruit             |     1 |       ||     1
       Meat ration       |     1 |       ||     1
Armor: Robe              |    96 |       ||    96
Dodge: Dodged            |    87 |     2 ||    89
Block: Shield            |   113 |     1 ||   114
